 Dungeon Crawl Stone Soup version 0.29-a0-330-g52719c12eb (webtiles) character file.

Game seed: 12003272771693805601

26 kae the Firebug (level 2, -3/20 HPs)
             Began as a Demigod Fire Elementalist on Apr 28, 2022.
             Slain by Terence
             ... wielding a +0 flail
              (10 damage)
             ... on level 2 of the Dungeon.
             The game lasted 00:00:41 (1665 turns).

kae the Firebug (Demigod Fire Elementalist)         Turns: 1665, Time: 00:00:41

Health: -3/20      AC:  2    Str: 15    XL:     2   Next: 69%
Magic:  1/7        EV: 12    Int: 17    God:
Gold:   143        SH:  0    Dex: 14    Spells: 2/5 levels left

rFire   . . .      SeeInvis .   (no weapon)
rCold   . . .      Faith    .   (no shield)
rNeg    . . .      Spirit   .   a - +0 robe
rPois   .          Reflect  .   (no helmet)
rElec   .          Harm     .   (no cloak)
rCorr   .          Rampage  .   (no gloves)
Will    .....                   (no boots)
Stlth   ++........              (no amulet)
HPRegen 0.06/turn               e - +6 ring of strength
MPRegen 0.10/turn               (no ring)

@: no status effects
A: high MP 1, forlorn, divine attributes
a: no special abilities


You were on level 2 of the Dungeon.
You visited 1 branch of the dungeon, and saw 2 of its levels.

You collected 143 gold pieces.

Inventory:

Armour
 a - a +0 robe (worn)
Jewellery
 e - a +6 ring of strength (left hand)
Scrolls
 f - a scroll of enchant armour {unknown}
Potions
 b - a potion of magic
 c - a potion of haste
 d - a potion of resistance {unknown}
 g - 2 potions of curing {unknown}
 h - a potion of brilliance {unknown}


   Skills:
 - Level 1.7 Dodging
 - Level 1.7 Stealth
 + Level 2.2 Spellcasting
 + Level 1.6 Conjurations
 + Level 3.1 Fire Magic


You had 2 spell levels left.
You knew the following spells:

 Your Spells              Type           Power      Damage    Failure   Level
a - Foxfire               Conj/Fire      36%        2x1d5     7%          1
b - Scorch                Fire           24%        2d6       8%          2

Your spell library contained the following spells:

 Spells                   Type           Power      Damage    Failure   Level
 Conjure Flame            Conj/Fire      9%         6-21      22%         3
 Inner Flame              Hex/Fire       7%         N/A       30%         3
 Flame Wave               Conj/Fire      9%         2d5       56%         4


Dungeon Overview and Level Annotations

Branches:
Dungeon (2/15)

Annotations:
D:2 Terence


Innate Abilities, Weirdness & Mutations

You have an increased reservoir of magic. (+10% MP)
You shall have no god before yourself.
Your divine heritage dramatically boosts your attributes as you level up.


Message History

Terence is nearby!
Terence is nearby!
Casting: Foxfire (safe; 7% risk of failure)
Confirm with . or Enter, or press ? or * to list all spells.
You conjure some foxfire!
Terence shouts!
The foxfire hits Terence but does no damage. x2
Casting: Foxfire (safe; 7% risk of failure)
Confirm with . or Enter, or press ? or * to list all spells.
You conjure some foxfire!
The foxfire hits Terence but does no damage. x2
Casting: Foxfire (safe; 7% risk of failure)
Confirm with . or Enter, or press ? or * to list all spells.
Flames lash Terence.
Terence is moderately wounded.
Terence's fire resistance burns away.
Terence closely misses you. Terence closely misses you.
Casting: Scorch (safe; 8% risk of failure)
Confirm with . or Enter, or press ? or * to list all spells.
Flames lash Terence.
Terence is burned terribly!
Terence is heavily wounded.
Terence barely misses you. Terence hits you with a +0 flail.
Casting: Scorch (safe; 8% risk of failure)
Confirm with . or Enter, or press ? or * to list all spells.
You don't have enough magic to cast this spell.
Casting: Scorch (safe; 8% risk of failure)
Confirm with . or Enter, or press ? or * to list all spells.
You don't have enough magic to cast this spell.
Casting: Scorch (safe; 8% risk of failure)
Confirm with . or Enter, or press ? or * to list all spells.
You conjure some foxfire!
Terence hits you with a +0 flail.
The foxfire hits Terence but does no damage.
Terence is heavily wounded.
The foxfire hits Terence but does no damage.
Terence is heavily wounded.
Terence hits you with a +0 flail. Terence attacks as you move away!
Terence hits you with a +0 flail!
Ouch! That really hurt!
You die...

####.# *,******** .....########*
****##*,,,,,,,,, .............*
*,,..,,,,,,,,,,,
.....#######.###**,#.,,.,,,,,,,,,
...†.....# #.#..,,,.#*..,,,,,,,,,
..######.# #.#.#**..#.#,,,,,,,,,,
..#....#.# #.#.###...#.#*,,,,,,**
..##.###.# #.#.#......#*,*,,,,*,*
.......#.###.#.#@@....#,*,*,,*,*,
.#<...........)§.#.....#,**,,**,*
.........###.#.###,.....**,,,,**,
.#.####### #.#...,,,....,,,,,,,,,
.#.# ######.#####..,...,,,,,,,,,
.#.####....#........,,..**,,,,**,
.#..................,,,#,**,,**,*
####................,,*,*,*,,*,*,
.................#..,,**,*,,,,*,*


You could see Terence (combustible).

Vanquished Creatures
  2 dart slugs (D:1)
  A ball python (D:2)
  4 bats
  3 endoplasms
  2 goblins (D:1)
  3 hobgoblins (D:2)
  A quokka (D:1)
  A frilled lizard (D:1)
  3 rats (D:1)
20 creatures vanquished.

Vanquished Creatures (others)
  83 foxfires
83 creatures vanquished.

Grand Total: 103 creatures vanquished

Notes
Turn   | Place    | Note
-------+----------+-------------------------------------------
     0 | D:1      | kae the Demigod Fire Elementalist began the quest for the
                  | Orb.
     0 | D:1      | Reached XP level 1. HP: 14/14 MP: 5/5
   149 | D:1      | Reached skill level 1 in Conjurations
   716 | D:1      | Reached XP level 2. HP: 20/20 MP: 5/7
   842 | D:1      | Reached skill level 3 in Fire Magic
  1478 | D:2      | Learned a level 2 spell: Scorch
  1654 | D:2      | Noticed Terence
  1665 | D:2      | Slain by Terence

Illustrated notes

Levels and vault maps discovered:
D:1:      giann_wishing_wells, layout_loops_ring,
          shapermc_ecumenical_altar_totnotflames, minmay_misc_feat_tiny,
          kennysheep_pointless_box
D:2:      minmay_razor_zed, layout_basic, minmay_misc_feat_enclosed,
          minmay_misc_feat_secret_circle, minmay_misc_feat_chi, uniq_terence

Skill      XL: |  1  2 |
---------------+-------+-----
Conjurations   | 1 |  1.6
Spellcasting   | 2 |  2.2
Fire Magic     | 3 |  3.1
Dodging        | |  1.7
Stealth        | |  1.7

Action                   || total
-------------------------++-------
 Cast: Foxfire           ||    49
       Scorch            ||     2
  Use: Scroll            ||     2
Armor: Robe              ||     1
Dodge: Dodged            ||     5

Table legend: (Time is in decaauts)
 A = Elapsed time spent in this place.
 B = Non-inter-level travel time spent in this place.
 C = Inter-level travel time spent in this place.
 D = Time resting spent in this place.
 E = Time spent auto-exploring this place.
 F = Levels seen in this place.
 G = Mean time per level.
                   A        B        C        D        E       F      G
               +--------+--------+--------+--------+--------+-----+--------+
         Total |   1664 |   1645 |     19 |      0 |   1472 |   2 |  832.0 |
       Dungeon |   1664 |   1645 |     19 |      0 |   1472 |   2 |  832.0 |
               +--------+--------+--------+--------+--------+-----+--------+

Top non-repeatable levels by time:
     D:1: 1265 daAuts
     D:2: 398 daAuts
